 Dungeon Crawl Stone Soup version 0.17-a0-1575-g9a29ec8 (webtiles) character file.

317 teebee the Shield-Bearer (level 6, -1/52 HPs)
             Began as a Hill Orc Fighter on July 26, 2015.
             Slain by an ogre
             ... wielding a +0 giant club
              (5 damage)
             ... on level 4 of the Dungeon.
             The game lasted 00:15:08 (2682 turns).

teebee the Shield-Bearer (Hill Orc Fighter)         Turns: 2682, Time: 00:15:08

Health: -1/52      AC: 11    Str: 21    XL:     6   Next: 45%
Magic:  6/6        EV:  9    Int:  8    God:
Gold:   148        SH: 10    Dex: 10    Spells: 0 memorised, 5 levels left

rFire  . . .     SeeInvis +     a - +0 long sword
rCold  . . .     Clarity  +     n - +0 ring mail
rNeg   . . .     SustAt   .     c - +0 shield
rPois  .         Gourm    .     v - +1 helmet {SInv}
rElec  .         Spirit   .     (no cloak)
rCorr  .         Warding  .     p - +2 pair of gloves
rMut   .         Stasis   .     (no boots)
MR     .....                    x - amulet of clarity
Stlth  ..........               (no ring)
                                (no ring)

@: not resistant to hostile enchantments, extremely unstealthy
A: no striking features
a: no special abilities


You were on level 4 of the Dungeon.
You were not hungry.

You visited 1 branch of the dungeon, and saw 4 of its levels.

You collected 148 gold pieces.

Inventory:

Hand weapons
 a - a +0 long sword (weapon)
 l - a +0 short sword
 o - a +0 hand axe
 w - a +0 hunting sling
 D - a +0 war axe
 E - a +0 war axe
Missiles
 q - 35 bolts
 s - 12 sling bullets of frost (quivered)
Armour
 b - a +0 scale mail
 c - a +0 shield (worn)
 n - a +0 ring mail (worn)
 p - a +2 pair of gloves (worn)
 u - a +0 chain mail
 v - a +1 helmet of see invisible (worn)
Jewellery
 e - an uncursed ring of protection from magic {unknown}
 i - an uncursed amulet of stasis {unknown}
 x - an amulet of clarity (around neck)
 y - an uncursed ring of protection from fire {unknown}
Scrolls
 h - a scroll of fog
 t - a scroll of remove curse
Potions
 d - 4 potions of might
 k - a potion of degeneration
 z - a potion of berserk rage
 C - a potion of brilliance {unknown}
Comestibles
 f - a chunk of flesh
 g - a royal jelly
 j - a bread ration
 m - 4 meat rations
 r - a beef jerky


   Skills:
 + Level 4.2 Fighting
 + Level 3.3 Long Blades
 + Level 0.1 Slings
 + Level 4.0 Armour
 + Level 2.7 Dodging
 + Level 5.1 Shields


You had 5 spell levels left.
You didn't know any spells.

Dungeon Overview and Level Annotations

Branches:
Dungeon (4/15)
 Temple: D:4-7

Altars:
Elyvilon
Xom
Yredelemnul

Annotations:
D:4 mrpyro's ghost, average OpTm


Message History

* * * LOW HITPOINT WARNING * * *
You block the ogre's attack.
You hit the ogre but do no damage.
The ogre is heavily wounded.
Mrpyro's ghost whispers, "Death doesn't hurt.
What you feel is life." Mrpyro's ghost hits you.
* * * LOW HITPOINT WARNING * * *
The ogre closely misses you.
Some of the chunks of flesh in your inventory have rotted away.
Drink which item? (? for menu, Esc to quit)
Okay, then.
Read which item? (? for menu, Esc to quit)
As you read the scroll labeled BEAXEE ZOYMUOG, it crumbles to dust.
The creatures around you are filled with an inner flame!
It was a scroll of immolation.
You block mrpyro's ghost's attack.
Your shield prevents you from hitting mrpyro's ghost.
Mrpyro's ghost stares at you.
Mrpyro's ghost hits you but does no damage.
The ogre hits you with a giant club.
You die...

...........#..#......#
....#......#....######
###.##.[##.....#####
.##............#...#
....##...#.....#...#
....##.#..#....#...#
....##.##..........#
.####...###.....W..#
#####....##.####@..#
.........##.# #O..#
###......##.# #...#
#..#...#..# #...#
#.##.....## #...#
###.##.....# #####
..#.###..#.#
#............
###.#....#####


You could see an ogre (inner flame) and mrpyro's ghost (inner flame).

Vanquished Creatures
  A crimson imp (D:3)
  An orc priest (D:3)
  A centaur skeleton (D:4)
  Natasha (thrice) (D:3)
  A worker ant (D:4)
  An iguana (D:4)
  5 adders
  An adder skeleton (D:4)
  4 worms
  4 giant geckos
  3 orcs
  A bat skeleton (D:4)
  6 giant cockroaches
  8 goblins
  7 hobgoblins
  4 jackals (D:1)
  6 kobolds
  3 quokkas
  3 ball pythons
  13 bats
  7 giant newts
  5 rats
88 creatures vanquished.

Vanquished Creatures (others)
  A kobold (D:2)
1 creature vanquished.

Grand Total: 89 creatures vanquished

Notes
Turn   | Place    | Note
--------------------------------------------------------------
     0 | D:1      | teebee the Hill Orc Fighter began the quest for the Orb.
     0 | D:1      | Reached XP level 1. HP: 19/19 MP: 1/1
   143 | D:1      | Reached XP level 2. HP: 24/27 MP: 2/2
   312 | D:1      | Reached skill level 4 in Fighting
   384 | D:1      | Reached XP level 3. HP: 30/33 MP: 3/3
   759 | D:2      | Reached skill level 1 in Dodging
   935 | D:2      | Reached XP level 4. HP: 37/40 MP: 4/4
  1034 | D:2      | Found a white marble altar of Elyvilon.
  1624 | D:3      | Reached XP level 5. HP: 25/46 MP: 5/5
  1688 | D:3      | Found a basalt altar of Yredelemnul.
  1694 | D:3      | Noticed Natasha
  1698 | D:3      | Killed Natasha
  1742 | D:3      | Found a shimmering altar of Xom.
  1742 | D:3      | Found a shimmering altar of Xom.
  2223 | D:3      | Noticed Natasha
  2234 | D:3      | Killed Natasha
  2311 | D:3      | Noticed Natasha
  2317 | D:3      | Killed Natasha
  2336 | D:4      | Reached XP level 6. HP: 41/52 MP: 6/6
  2389 | D:4      | Reached skill level 5 in Shields
  2598 | D:4      | Noticed mrpyro's ghost (average OpTm)
  2682 | D:4      | Slain by an ogre

Vault maps used:
D:1:      tarquinn_simple_flora_water_f
D:2:      elyvilon_altar_4
D:3:      xom_redecorated, nicolae_overflow_crystal_walls, first_bread,
          minmay_misc_feat_room, uniq_natasha
D:4:      nicolae_overflow_hidden_temple, minmay_temple_entry_hall,
          nicolae_tso_carved_into_rock

Action                   |  1- 3 |  4- 6 || total
-------------------------+-------+-------++-------
Melee: Long sword        |   143 |   263 ||   406
 Fire: Hunting sling     |       |     4 ||     4
  Use: Scroll            |     2 |     7 ||     9
       Potion            |       |     4 ||     4
  Eat: Chunk             |       |     2 ||     2
       Bread ration      |       |     1 ||     1
